 Dungeon Crawl Stone Soup version 0.30.1-9-gdf580d7c3d (webtiles) character file.

Game seed: 11432574425108240193

58 Almogavar the Prestidigitator (level 4, -8/34 HPs)
             Began as a Gnoll Wanderer on Sept 24, 2023.
             Mangled by Sigmund
             ... wielding a +0 scythe
              (10 damage)
             ... on level 2 of the Dungeon.
             The game lasted 00:03:57 (1204 turns).

Almogavar the Prestidigitator (Gnoll Wanderer)      Turns: 1204, Time: 00:03:58

Health: -8/34      AC:  3    Str:  8 (9)  XL:     4   Next: 2%
Magic:  6/6        EV: 12    Int:  7 (8)  God:
Gold:   60         SH:  0    Dex: 17 (19) Spells: 5/5 levels left

rFire   . . .        a - +0 dagger
rCold   . . .        (no shield)
rNeg    . . .        e - +0 robe
rPois   .            (no helmet)
rElec   .            (no cloak)
rCorr   .            c - +0 pair of gloves
SInv    +            p - +0 pair of boots
Will    .....        (no amulet)
Stlth   +            n - ring of see invisible
HPRegen 0.25/turn    (no ring)
MPRegen 0.10/turn

%: no passive effects
@: confused, unable to drink
A: fangs 1, strong nose, distributed training, hooves 1, deformed body,
deterioration 1, inability to drink after injury 1
a: no special abilities


You were on level 2 of the Dungeon.
You visited 1 branch of the dungeon, and saw 2 of its levels.

You collected 60 gold pieces.

Inventory:

Hand Weapons
 a - a +0 dagger (weapon)
Armour
 c - a +0 pair of gloves (worn)
 e - a +0 robe (worn)
 k - a +0 scale mail
 m - a +0 chain mail
 p - a +0 pair of boots (worn)
Magical Staves
 j - a staff of air
Jewellery
 n - a ring of see invisible (left hand)
Wands
 f - a wand of quicksilver (3) (quivered)
Scrolls
 d - a scroll of fear
 g - a scroll of identify {unknown}
 h - a scroll of immolation {unknown}
 l - a scroll of amnesia {unknown}
 o - a scroll of enchant armour {unknown}
Potions
 q - a potion of cancellation {unknown}


   Skills:
 + Level 2.7 Fighting
 + Level 1.0 Short Blades
 + Level 1.0 Long Blades
 + Level 1.0 Axes
 + Level 1.0 Maces & Flails
 + Level 1.0 Polearms
 + Level 1.0 Staves
 + Level 1.0 Ranged Weapons
 + Level 1.0 Throwing
 + Level 1.0 Armour
 + Level 1.0 Dodging
 + Level 4.2 Stealth
 + Level 1.0 Shields
 + Level 4.6 Unarmed Combat
 + Level 1.0 Spellcasting
 + Level 0.8 Conjurations
 + Level 0.8 Hexes
 + Level 0.8 Summonings
 + Level 0.8 Necromancy
 + Level 0.8 Translocations
 + Level 0.8 Transmutations
 + Level 0.8 Fire Magic
 + Level 0.8 Ice Magic
 + Level 0.8 Air Magic
 + Level 0.8 Earth Magic
 + Level 0.8 Poison Magic
 + Level 2.8 Invocations
 + Level 8.5 Evocations


You had 5 spell levels left.
You didn't know any spells.
Your spell library contained the following spells:

 Spells                   Type           Power      Damage    Failure   Level
 Slow                     Hex            4%         N/A       30%         1
 Confusing Touch          Hex            1%         N/A       65%         3
 Vampiric Draining        Necr           1%         2d6       65%         3


Dungeon Overview and Level Annotations

Branches:
Dungeon (2/15)

Altars:

Annotations:
D:2 Sigmund


Innate Abilities, Weirdness & Mutations

You have very sharp teeth.
Your uncanny sense of smell can sniff out nearby items.
Your experience applies equally to all skills.
You have large cloven feet.
Armour fits poorly on your strangely shaped body.
Your body sometimes deteriorates upon taking damage.
You occasionally lose the ability to drink potions when taking damage.


Message History

You hit Sigmund.
Sigmund is lightly wounded.
Sigmund hits you with a +0 scythe.
* * * LOW HITPOINT WARNING * * *
You hit Sigmund.
Sigmund is lightly wounded.
You hit Sigmund. You bite Sigmund, but do no damage.
Sigmund is moderately wounded.
Sigmund hits you with a +0 scythe!
* * * LOW HITPOINT WARNING * * *
It was a potion of degeneration.
There was something very wrong with that liquid.
You feel weakened.
You feel dopey.
You feel clumsy.
Sigmund points at you and mumbles some strange words.
You resist with some effort.
Really quaff the potion of mutation?
You feel extremely strange.
You feel yourself wasting away.
Your body twists and deforms.
You occasionally lose the ability to drink potions when taking damage.
Your feet thicken and deform.
Sigmund hits you with a +0 scythe.
* * * LOW HITPOINT WARNING * * *
You hit Sigmund but do no damage. You punch Sigmund.
Sigmund is moderately wounded.
You barely miss Sigmund.
Sigmund is moderately wounded.
Sigmund closely misses you.
You hit Sigmund but do no damage.
Sigmund is moderately wounded.
Sigmund casts a spell.
Sigmund flickers and vanishes for a moment.
You closely miss Sigmund. You bite Sigmund.
Sigmund is heavily wounded.
Sigmund points at you and mumbles some strange words.
You are confused.
Sigmund attacks as you move away! Sigmund closely misses you.
There is a stone staircase leading up here.
Sigmund hits you from afar with a +0 scythe!
You feel threatened and lose the ability to drink potions!
You die...

.....<.###### #.....# ###.####
##.###.##### #.# ##########..#
#...... ##.##
#.......##..###.##### #...#
#.##.##.##......##### #...#
#.##..........#.##... #...#
##.#####.##.####.##.##
#...#######......#.##.####.##.##
#..............@<..##......##...
##...####..#..#.#.###..@..####..#
.................@###.....# #..#
............#.#...........# #...
..............#...###.....# ##.#
##...####.........# ....# #.#
#.........#####.## #### #.#
#...####### ###.# #.# #...# #...#
#.#


You could see Sigmund (invisible).

Vanquished Creatures
  2 adders (D:2)
  2 dart slugs (D:1)
  6 ball pythons
  2 endoplasms (D:1)
  4 giant cockroaches
  3 goblins (D:1)
  4 hobgoblins (D:1)
  3 quokkas
  2 bats (D:1)
  4 frilled lizards
  2 rats (D:1)
34 creatures vanquished.

Notes
Turn   | Place    | Note
-------+----------+-------------------------------------------
     0 | D:1      | Almogavar the Gnoll Wanderer began the quest for the Orb.
     0 | D:1      | Almogavar set off with the following items: a +0 dagger, a
                  | potion of mutation, a +0 pair of gloves, a scroll of fear,
                  | a +0 robe, a wand of quicksilver (3).
     0 | D:1      | Reached XP level 1. HP: 17/17 MP: 2/2
   122 | D:1      | Reached XP level 2. HP: 9/23 MP: 3/3
   486 | D:1      | Reached XP level 3. HP: 23/28 MP: 4/4
  1091 | D:2      | Reached skill level 1 in Short Blades
  1091 | D:2      | Reached skill level 1 in Long Blades
  1091 | D:2      | Reached skill level 1 in Axes
  1091 | D:2      | Reached skill level 1 in Maces & Flails
  1091 | D:2      | Reached skill level 1 in Polearms
  1091 | D:2      | Reached skill level 1 in Staves
  1091 | D:2      | Reached skill level 1 in Ranged Weapons
  1091 | D:2      | Reached skill level 1 in Throwing
  1091 | D:2      | Reached skill level 1 in Armour
  1091 | D:2      | Reached skill level 1 in Dodging
  1091 | D:2      | Reached skill level 1 in Shields
  1091 | D:2      | Reached skill level 1 in Spellcasting
  1171 | D:2      | Reached XP level 4. HP: 34/34 MP: 6/6
  1181 | D:2      | Noticed Sigmund
  1195 | D:2      | HP: 1/34 [Sigmund/+0 scythe (9)]
  1197 | D:2      | Gained mutation: Your body sometimes deteriorates upon
                  | taking damage. [potion of mutation]
  1197 | D:2      | Gained mutation: Armour fits poorly on your strangely
                  | shaped body. [potion of mutation]
  1197 | D:2      | Gained mutation: You occasionally lose the ability to drink
                  | potions when taking damage. [potion of mutation]
  1197 | D:2      | Gained mutation: You have large cloven feet. [potion of
                  | mutation]
  1204 | D:2      | Mangled by Sigmund

Illustrated notes

Levels and vault maps discovered:
D:1:      minmay_arrival_glassed_features, layout_basic
D:2:      layout_loops_cross, uniq_sigmund

Skill      XL: |  1  2  3 |
---------------+----------+-----
Short Blades   | 1 |  1.0
Long Blades    | 1 |  1.0
Axes           | 1 |  1.0
Maces & Flails | 1 |  1.0
Polearms       | 1 |  1.0
Staves         | 1 |  1.0
Ranged Weapons | 1 |  1.0
Throwing       | 1 |  1.0
Armour         | 1 |  1.0
Dodging        | 1 |  1.0
Shields        | 1 |  1.0
Spellcasting   | 1 |  1.0
Fighting       | |  2.7
Stealth        | |  4.2
Unarmed Combat | |  4.6
Conjurations   | |  0.8
Hexes          | |  0.8
Summonings     | |  0.8
Necromancy     | |  0.8
Translocations | |  0.8
Transmutations | |  0.8
Fire Magic     | |  0.8
Ice Magic      | |  0.8
Air Magic      | |  0.8
Earth Magic    | |  0.8
Poison Magic   | |  0.8
Invocations    | |  2.8
Evocations     | |  8.5

Action                     |  1- 3 |  4- 6 || total
---------------------------+-------+-------++-------
  Melee: Dagger            |   163 |    10 ||   173
         Bite              |    10 |     2 ||    12
         Punch             |     4 |     1 ||     5
    Use: Potion            |     1 |     2 ||     3
   Stab: Sleeping          |     7 |       ||     7
 Armour: Robe              |    41 |       ||    41
  Dodge: Dodged            |    87 |     3 ||    90
